[Event "December 5 Early 2023"]
[Site "https://www.chess.com"]
[Date "2023.12.05"]
[Round "6"]
[White "Duda, Jan-Krzysztof"]
[Black "Caruana, Fabiano"]
[Result "1-0"]
[Board "2"]
[TimeControl "180+1"]
[WhiteFideId "1170546"]
[BlackFideId "2020009"]
[WhiteElo "3060"]
[BlackElo "3087"]
[WhiteTeam "POL"]
[BlackTeam "USA"]
[WhiteClock "0:00:03"]
[BlackClock "0:00:00"]

1. d4 Nf6 2. Bg5 Nc6 3. Bxf6 gxf6 4. e3 e5 5. Nf3 d5 6. c3 a6 7. Nbd2 Be6 8. g3 Qd7 9. Bg2 h5 10. h4 Bd6 11. a4 e4 12. Ng1 Ne7 13. c4 c6 14. c5 Bc7 15. b4 Bg4 16. Bh3 f5 17. Qb3 f4 18. Bxg4 Qxg4 19. exf4 Nf5 20. Qc3 O-O 21. Nf1 e3 22. fxe3 Rfe8 23. Kf2 Re6 24. Nf3 Rae8 25. Re1 b6 26. cxb6 Bxb6 27. Ne5 Qg7 28. a5 Ba7 29. Rg1 f6 30. g4 Nd6 31. Nd2 Qh7 32. gxh5+ Kf8 33. Ng6+ Kf7 34. Qd3 Qxh5 35. Qxa6 Bb8 36. Qe2 Qf5 37. Qg4 Qd3 38. Ne5+ Rxe5 39. fxe5 Qxd2+ 40. Re2 Ne4+ 41. Qxe4 Qxe2+ 42. Kxe2 dxe4 43. Rf1 Re6 44. Kd2 Kg6 45. exf6 Rxf6 46. Rxf6+ Kxf6 47. Kc3 Kf5 48. Kc4 Ba7 49. h5 Kg5 50. b5 cxb5+ 51. Kxb5 Kxh5 52. d5 Kg5 53. d6 Kf6 54. Kc6 1-0

[Event "December 5 Early 2023"]
[Site "https://www.chess.com"]
[Date "2023.12.05"]
[Round "6"]
[White "Aronian, Levon"]
[Black "Zemlyanskii, Ivan"]
[Result "1-0"]
[Board "3"]
[TimeControl "180+1"]
[WhiteFideId "13300474"]
[BlackFideId "24249971"]
[WhiteElo "3074"]
[BlackElo "3024"]
[WhiteTeam "USA"]
[BlackTeam "RUS"]
[WhiteClock "0:00:23"]
[BlackClock "0:00:00"]

1. e4 c5 2. Nf3 d6 3. c3 Nf6 4. Be2 Bd7 5. d3 e5 6. O-O Be7 7. Bg5 Nc6 8. Nbd2 O-O 9. Ne1 h6 10. Bxf6 Bxf6 11. Bg4 Be6 12. Nc2 Bg5 13. Bxe6 fxe6 14. Nf3 Rf7 15. Qe2 Qf6 16. a3 Qg6 17. b4 b6 18. b5 Ne7 19. g3 Raf8 20. Nce1 Kh8 21. a4 Ng8 22. a5 Bd8 23. axb6 Bxb6 24. c4 Nf6 25. Ra2 Qh7 26. Kg2 g5 27. h3 Qg6 28. Nh2 h5 29. Nef3 h4 30. Qe3 Rg8 31. Ng4 Nxg4 32. hxg4 hxg3 33. Rh1+ Rh7 34. Rxh7+ Kxh7 35. fxg3 Rg7 36. Ra1 Kg8 37. Rh1 Bd8 38. Rh5 Qf6 39. Qc1 Qf7 40. Qh1 Rh7 41. Rxh7 Qxh7 42. Qa1 Qb7 43. Qc1 Qg7 44. Qa3 Qb7 45. Qa1 Kg7 46. Kf2 Kg6 47. Ke2 Bf6 48. Kf2 Bd8 49. Kg2 Bf6 50. Nd2 Qc7 51. Nb3 Qb7 52. Na5 Qb6 53. Nc6 1-0

[Event "December 5 Early 2023"]
[Site "https://www.chess.com"]
[Date "2023.12.05"]
[Round "6"]
[White "Matlakov, Maxim"]
[Black "Le, Tuan Minh"]
[Result "0-1"]
[Board "4"]
[TimeControl "180+1"]
[WhiteFideId "4168003"]
[BlackFideId "12401153"]
[WhiteElo "2996"]
[BlackElo "3066"]
[WhiteTeam "RUS"]
[BlackTeam "VIE"]
[WhiteClock "0:00:02"]
[BlackClock "0:00:06"]

1. d4 d5 2. Nf3 Nf6 3. Bg5 c6 4. Nbd2 Qb6 5. e3 Bg4 6. Be2 Nbd7 7. O-O e6 8. c4 Be7 9. c5 Qd8 10. b4 Bxf3 11. Nxf3 Ne4 12. Bxe7 Qxe7 13. Bd3 f5 14. b5 O-O 15. bxc6 bxc6 16. Qa4 Rfc8 17. Ba6 Rc7 18. Qa5 Nf8 19. Rab1 Ng6 20. Rb2 f4 21. Bd3 Rf8 22. Bxe4 dxe4 23. Nd2 fxe3 24. fxe3 Rxf1+ 25. Nxf1 e5 26. Rb8+ Kf7 27. Ng3 Rd7 28. Qa4 exd4 29. exd4 e3 30. Qxc6 Nf4 31. Qf3 g5 32. h4 e2 33. Nxe2 Qxe2 34. c6 Qe1+ 35. Qf1 Qe3+ 36. Kh2 Re7 37. Qc4+ Kg6 38. Rg8+ Kh6 39. Rxg5 Qf2 40. Rg4 Ne2 41. Rg5 Qg1+ 42. Kh3 Re3+ 43. Kg4 Qxg2+ 44. Kf5 Qf3# 0-1

[Event "December 5 Early 2023"]
[Site "https://www.chess.com"]
[Date "2023.12.05"]
[Round "6"]
[White "Naroditsky, Daniel"]
[Black "Durarbayli, Vasif"]
[Result "1-0"]
[Board "5"]
[TimeControl "180+1"]
[WhiteFideId "2026961"]
[BlackFideId "13402935"]
[WhiteElo "3171"]
[BlackElo "2999"]
[WhiteTeam "USA"]
[BlackTeam "AZE"]
[WhiteClock "0:00:08"]
[BlackClock "0:00:00"]

1. e4 c5 2. Nf3 d6 3. Bb5+ Nd7 4. O-O a6 5. Bd3 Ngf6 6. Re1 b5 7. c4 bxc4 8. Bxc4 e6 9. d4 cxd4 10. Nxd4 Bb7 11. Nc3 Qc7 12. Bb3 Nc5 13. Nd5 Nxd5 14. Bxd5 Be7 15. b4 exd5 16. bxc5 O-O 17. Bf4 Qxc5 18. Rc1 Qa5 19. Nf5 Rfe8 20. Qg4 g6 21. Bxd6 Bf6 22. e5 Bg7 23. Nxg7 Kxg7 24. e6 Bc8 25. Qd4+ Kg8 26. exf7+ Kxf7 27. Rxe8 Kxe8 28. Qe5+ 1-0

[Event "December 5 Early 2023"]
[Site "https://www.chess.com"]
[Date "2023.12.05"]
[Round "6"]
[White "Yilmaz, Mustafa"]
[Black "Andreikin, Dmitry"]
[Result "1/2-1/2"]
[Board "6"]
[TimeControl "180+1"]
[WhiteFideId "6302718"]
[BlackFideId "4158814"]
[WhiteElo "2957"]
[BlackElo "3093"]
[WhiteTeam "TUR"]
[BlackTeam "FID"]
[WhiteClock "0:00:02"]
[BlackClock "0:00:08"]

1. d4 Nf6 2. c4 e6 3. Nf3 b6 4. g3 Bb7 5. Bg2 Bb4+ 6. Bd2 a5 7. O-O O-O 8. Bf4 Be7 9. Qc2 Be4 10. Qc1 Bb7 11. Qc2 Be4 12. Qc1 Bb7 13. Rd1 d6 14. Qc2 Be4 15. Qc1 Bb7 16. Nc3 Ne4 17. Nxe4 Bxe4 18. h4 Nd7 19. b3 Bf6 20. Qe3 Bb7 21. g4 g6 22. Bg3 Qe7 23. Rac1 Rfe8 24. g5 Bg7 25. Bh3 e5 26. dxe5 Nxe5 27. Nxe5 Bxe5 28. Bxe5 Qxe5 29. Qxe5 Rxe5 30. e3 a4 31. Bg2 Bxg2 32. Kxg2 axb3 33. axb3 Ra2 34. Rd3 Kg7 35. Kg3 h6 36. f4 Rea5 37. b4 Ra8 38. c5 dxc5 39. bxc5 b5 40. c6 hxg5 41. fxg5 Re8 42. Rc5 Rb2 43. Kf3 Re6 44. Rd7 Rb3 45. Rxc7 Rbxe3+ 46. Kf2 Re2+ 47. Kf3 R6e3+ 48. Kf4 Re4+ 49. Kf3 R2e3+ 50. Kf2 Ra3 51. Rd7 Rxh4 52. c7 Rh2+ 53. Kg1 Rb2 54. Rc1 Rg3+ 55. Kf1 Rf3+ 56. Kg1 Rg3+ 57. Kf1 Rf3+ 58. Kg1 Rg3+ 1/2-1/2

[Event "December 5 Early 2023"]
[Site "https://www.chess.com"]
[Date "2023.12.05"]
[Round "6"]
[White "Nguyen, Ngoc Truong Son"]
[Black "Paravyan, David"]
[Result "1-0"]
[Board "7"]
[TimeControl "180+1"]
[WhiteFideId "12401110"]
[BlackFideId "4194985"]
[WhiteElo "2943"]
[BlackElo "3009"]
[WhiteTeam "VIE"]
[BlackTeam "FID"]
[WhiteClock "0:00:09"]
[BlackClock "0:00:03"]

1. e4 e5 2. Nf3 Nf6 3. Nxe5 d6 4. Nf3 Nxe4 5. Nc3 Nxc3 6. dxc3 Be7 7. Be3 O-O 8. Qd2 Nd7 9. O-O-O Nf6 10. Bd3 Re8 11. h3 Bd7 12. Ng5 h6 13. Ne4 Bc6 14. Ng3 Nd5 15. Nf5 Nxe3 16. fxe3 Bf8 17. Kb1 g6 18. Nd4 Qg5 19. Nxc6 bxc6 20. Rde1 Bg7 21. h4 Qc5 22. c4 Rab8 23. c3 Qa3 24. b3 a5 25. h5 a4 26. Qb2 Qc5 27. b4 a3 28. Qxa3 Rxe3 29. Kc2 Qg5 30. Rxe3 Qxe3 31. Qc1 Qe5 32. Qe1 Qg5 33. hxg6 fxg6 34. Qe6+ Kh7 35. Re1 Rf8 36. Re2 Rf6 37. Qe3 Qg4 38. Qe4 Qg3 39. Qxc6 d5 40. Qxd5 Ra6 41. Kb3 Rd6 42. Qf3 Rxd3 43. Qxg3 Rxg3 44. Rc2 h5 45. a4 Re3 46. a5 Re8 47. c5 Kh6 48. b5 Bf8 49. c6 Re5 50. c4 Re3+ 51. Kb2 Ba3+ 52. Ka2 Bc5 53. Kb2 Ra3 54. a6 Ra4 55. Kb3 Ra3+ 56. Kb2 Ra5 57. Kb3 Kg5 58. Rd2 Ra3+ 59. Kb2 Ra4 60. Rd5+ Kg4 61. Rxc5 Kg3 62. Kb3 Ra1 63. Rg5+ Kf4 64. Rxg6 Ke4 65. Kc3 Ra3+ 66. Kb4 Ra1 67. Kc5 Kf4 68. Rg7 h4 69. Rxc7 Kg3 70. Rg7+ 1-0

[Event "December 5 Early 2023"]
[Site "https://www.chess.com"]
[Date "2023.12.05"]
[Round "6"]
[White "Navara, David"]
[Black "Kovalenko, Igor"]
[Result "1-0"]
[Board "8"]
[TimeControl "180+1"]
[WhiteFideId "309095"]
[BlackFideId "14117908"]
[WhiteElo "2977"]
[BlackElo "2922"]
[WhiteTeam "CZE"]
[BlackTeam "UKR"]
[WhiteClock "0:02:00"]
[BlackClock "0:00:48"]

1. e4 d5 2. exd5 Qxd5 3. Nc3 Qa5 4. d4 Nf6 5. Bd2 c6 6. Nf3 Bf5 7. Ne4 Qb6 8. Nxf6+ exf6 9. Bc4 Be7 10. O-O O-O 11. Re1 Bd6 12. Nh4 Bg6 13. Qg4 Kh8 14. Re3 Qxb2 15. Bc3 Qb3 16. Bxb3 1-0

[Event "December 5 Early 2023"]
[Site "https://www.chess.com"]
[Date "2023.12.05"]
[Round "6"]
[White "Demchenko, Anton"]
[Black "Henriquez Villagra, Cristobal"]
[Result "0-1"]
[Board "9"]
[TimeControl "180+1"]
[WhiteFideId "4160258"]
[BlackFideId "3409350"]
[WhiteElo "2914"]
[BlackElo "2963"]
[WhiteTeam "SLO"]
[BlackTeam "CHI"]
[WhiteClock "0:00:02"]
[BlackClock "0:00:29"]

1. e4 c5 2. Nc3 Nc6 3. Bb5 Nd4 4. a4 a6 5. Bc4 e6 6. d3 Ne7 7. Nf3 Nec6 8. Nxd4 cxd4 9. Ne2 g6 10. h4 Bg7 11. Bb3 d5 12. Bg5 Qa5+ 13. Bd2 Qc5 14. Ng3 h5 15. Qe2 O-O 16. f4 Bd7 17. e5 b5 18. a5 b4 19. Ba4 Qxa5 20. O-O Qc5 21. Qf2 Be8 22. Ne2 f6 23. exf6 Bxf6 24. c3 bxc3 25. bxc3 Ne7 26. cxd4 Qd6 27. Rfb1 a5 28. Bxe8 Rfxe8 29. Rxa5 Rxa5 30. Bxa5 Qa6 31. Bc7 Qxd3 32. Re1 Nf5 33. g3 Rc8 34. Be5 Be7 35. Kg2 Rc2 36. Qf3 Ne3+ 37. Kh3 Bb4 38. Rb1 Rxe2 39. Rxb4 Qf5+ 0-1

[Event "December 5 Early 2023"]
[Site "https://www.chess.com"]
[Date "2023.12.05"]
[Round "6"]
[White "Finek, Vaclav"]
[Black "Nakamura, Hikaru"]
[Result "0-1"]
[Board "10"]
[TimeControl "180+1"]
[WhiteFideId "23718293"]
[BlackFideId "2016192"]
[WhiteElo "2842"]
[BlackElo "3246"]
[WhiteTeam "CZE"]
[BlackTeam "USA"]
[WhiteClock "0:00:05"]
[BlackClock "0:01:05"]

1. d4 g6 2. Nf3 Bg7 3. g3 d6 4. Bg2 Bd7 5. O-O Qc8 6. c4 Nc6 7. Nc3 Bh3 8. e4 h5 9. d5 Ne5 10. Nxe5 Bxe5 11. f4 Bxc3 12. bxc3 h4 13. f5 hxg3 14. Bxh3 Rxh3 15. Qg4 gxh2+ 16. Kh1 Rh5 17. Bg5 Qd7 18. Rf4 O-O-O 19. fxg6 Qxg4 20. Rxg4 fxg6 21. Rf1 Kd7 22. c5 dxc5 23. e5 Nh6 24. Bxh6 Rxh6 25. Rf7 Rh5 26. e6+ Kd6 27. c4 Rdh8 28. Rxg6 Re5 29. Rf1 Re4 30. Rc1 Re2 31. a4 Ra2 32. Rg4 Rxa4 33. Rb1 Rb4 34. Ra1 a5 35. Re4 b5 36. Ree1 bxc4 37. Rxa5 c3 38. Rc1 c2 39. Ra2 Rb1 40. Rxc2 Rxc1+ 41. Rxc1 Kxd5 42. Rc2 c4 43. Re2 c3 44. Rc2 Kc4 45. Rc1 Kb3 46. Rf1 c2 0-1

[Event "December 5 Early 2023"]
[Site "https://www.chess.com"]
[Date "2023.12.05"]
[Round "6"]
[White "Bortnyk, Olexandr"]
[Black "Vakhlamov, Igor L."]
[Result "1-0"]
[Board "11"]
[TimeControl "180+1"]
[WhiteFideId "14120828"]
[BlackFideId "24126748"]
[WhiteElo "3071"]
[BlackElo "2835"]
[WhiteTeam "UKR"]
[BlackTeam "RUS"]
[WhiteClock "0:00:56"]
[BlackClock "0:00:20"]

1. e4 c5 2. c3 g6 3. d4 cxd4 4. cxd4 d5 5. exd5 Bg7 6. Nc3 Nf6 7. Bc4 O-O 8. Nge2 Na6 9. O-O Nc7 10. Nf4 b6 11. Re1 Bb7 12. Qb3 Rc8 13. a4 Ba8 14. h3 Qd7 15. a5 b5 16. Bxb5 Nxb5 17. Qxb5 Qd6 18. Bd2 Rc7 19. Qe2 Nxd5 20. Nfxd5 Bxd5 21. Nb5 Bc4 22. Nxd6 Bxe2 23. Bf4 Ba6 24. Nf5 Rb7 25. Nxe7+ Kh8 26. d5 Bxb2 27. Rab1 f6 28. d6 Kg7 29. Nc6 Bc3 30. Rxb7+ Bxb7 31. Re7+ Rf7 32. Rxf7+ Kxf7 33. Nd8+ Ke8 34. Nxb7 Be5 35. Bxe5 fxe5 36. Nc5 e4 37. Kf1 e3 38. fxe3 a6 39. e4 g5 40. e5 g4 41. hxg4 h5 42. gxh5 Kf7 43. g4 Kg7 44. g5 Kh7 45. Ke2 Kg7 46. Kd3 Kf7 47. Kc4 Kf8 48. Kd5 Ke8 49. Kc6 Kd8 50. Kb6 Kc8 51. Kxa6 Kb8 52. Kb6 Ka8 53. e6 Kb8 54. g6 Kc8 55. h6 Kd8 56. a6 Ke8 57. Ne4 Kf8 58. a7 Kg8 59. Nf6+ Kh8 60. a8=Q# 1-0

[Event "December 5 Early 2023"]
[Site "https://www.chess.com"]
[Date "2023.12.05"]
[Round "6"]
[White "Pranav, V"]
[Black "Javakhadze, Zurab"]
[Result "1-0"]
[Board "12"]
[TimeControl "180+1"]
[WhiteFideId "25060783"]
[BlackFideId "13603647"]
[WhiteElo "3067"]
[BlackElo "2835"]
[WhiteTeam "IND"]
[BlackTeam "GEO"]
[WhiteClock "0:01:43"]
[BlackClock "0:00:37"]

1. e4 c5 2. Nf3 d6 3. d4 cxd4 4. Nxd4 Nf6 5. Nc3 g6 6. Be3 Bg7 7. f3 a6 8. Qd2 Nbd7 9. Bc4 b5 10. Bb3 Bb7 11. Bh6 Bxh6 12. Qxh6 Rc8 13. O-O-O Rxc3 14. bxc3 Qc7 15. Qe3 Nb6 16. h4 h5 17. Rhe1 Qc5 18. Kb1 O-O 19. g4 hxg4 20. h5 Nc4 21. Bxc4 Qxc4 22. Qh6 Rc8 23. hxg6 fxg6 24. Qxg6+ Kf8 25. Rh1 Qg8 26. Rh8 Qxh8 27. Ne6# 1-0

[Event "December 5 Early 2023"]
[Site "https://www.chess.com"]
[Date "2023.12.05"]
[Round "6"]
[White "Klekowski, Maciej"]
[Black "So, Wesley"]
[Result "1/2-1/2"]
[Board "13"]
[TimeControl "180+1"]
[WhiteFideId "1132717"]
[BlackFideId "5202213"]
[WhiteElo "2834"]
[BlackElo "3047"]
[WhiteTeam "POL"]
[BlackTeam "USA"]
[WhiteClock "0:00:13"]
[BlackClock "0:00:08"]

1. c4 e5 2. g3 d5 3. cxd5 Qxd5 4. Nf3 Nc6 5. Nc3 Qd8 6. Bg2 Nf6 7. O-O h6 8. d3 Bd6 9. b3 O-O 10. Bb2 Re8 11. Rc1 Be6 12. Nd2 Qd7 13. Nce4 Nxe4 14. Nxe4 Bh3 15. Nc5 Bxc5 16. Bxh3 Qxh3 17. Rxc5 Rad8 18. Qc2 Re6 19. Rc4 h5 20. Rc1 Rg6 21. Qd1 Rg4 22. Qf1 Qxf1+ 23. Kxf1 Rxc4 24. Rxc4 f6 25. f3 Kf7 26. Ke1 Ke6 27. Kd2 g5 28. h3 Rd7 29. g4 Ne7 30. h4 gxh4 31. gxh5 Nf5 32. Rg4 Rh7 33. e4 Ng3 34. Rxh4 Rxh5 35. Rxh5 Nxh5 36. d4 c6 37. Ke3 Nf4 38. Bc3 b6 39. a4 Ng2+ 40. Kf2 Nf4 41. Ke3 Ng6 42. Kd3 Ne7 43. Bd2 Nc8 44. Be3 Nd6 45. f4 exd4 46. Bxd4 f5 47. exf5+ Nxf5 48. Be5 Kd5 49. Bb8 a6 50. Ba7 b5 51. axb5 axb5 52. Bb8 c5 53. Be5 Ne7 54. Kc3 Nc6 55. Bc7 b4+ 56. Kb2 Nd4 57. Be5 Nf5 58. Bf6 Ke4 59. Be5 Kd3 60. Bf6 Ne3 61. Be7 Kd4 62. Bf6+ Kd5 63. Be5 Nf5 64. Bf6 Ke4 65. Be5 Nd4 66. Bd6 Ne6 67. Be7 Kxf4 68. Bd6+ Ke4 69. Be7 Kd5 70. Kc2 Nd4+ 71. Kb2 Nc6 72. Bf8 Ne5 73. Kc2 Kd4 74. Bg7 Ke4 75. Bf8 Kd5 76. Kb2 Nc6 77. Kc2 Nd4+ 78. Kb2 Ne6 79. Be7 Kd4 80. Bf6+ Kd3 81. Be7 Kd2 82. Bd6 Ke3 83. Kc2 Ke4 84. Be7 Kd5 85. Kb2 Ke5 86. Kc2 Ke4 87. Kb2 Nf4 88. Bf8 Kd4 89. Be7 Nd5 90. Bf8 Nc3 91. Kc2 Ne4 92. Bg7+ Ke3 93. Bf8 Ke2 94. Be7 Ke3 95. Bf8 Kd4 96. Be7 Ng3 97. Bf8 Nf5 98. Kb2 Kd5 99. Kc2 Kc6 100. Kb2 Kb5 101. Kc2 Kb6 102. Kb2 Kc6 103. Kc2 Kd5 104. Kb2 Kd4 105. Kc2 Ne3+ 106. Kb2 Ng4 107. Bg7+ Ke4 108. Bf8 Nf2 109. Be7 Kf3 110. Kc2 Ne4 111. Kd3 Kf4 112. Kc4 Nd2+ 113. Kxc5 Nxb3+ 114. Kxb4 1/2-1/2

[Event "December 5 Early 2023"]
[Site "https://www.chess.com"]
[Date "2023.12.05"]
[Round "6"]
[White "Martinez Alcantara, Jose Eduardo"]
[Black "Klimkowski, Jan"]
[Result "1-0"]
[Board "14"]
[TimeControl "180+1"]
[WhiteFideId "3805662"]
[BlackFideId "21856222"]
[WhiteElo "2985"]
[BlackElo "2826"]
[WhiteTeam "PER"]
[BlackTeam "POL"]
[WhiteClock "0:01:38"]
[BlackClock "0:00:48"]

1. e4 c5 2. Nf3 d6 3. c3 Nf6 4. h3 g6 5. Bd3 Bg7 6. Bc2 O-O 7. O-O Nc6 8. d4 cxd4 9. cxd4 Nb4 10. Bb3 a6 11. Nc3 b5 12. Qe2 Bb7 13. Bg5 h6 14. Bf4 Nc6 15. Rad1 Na5 16. Bc2 Nc4 17. Bd3 Rc8 18. Rfe1 Qb6 19. a4 Nh5 20. Bc1 e5 21. axb5 axb5 22. dxe5 dxe5 23. Bxc4 Rxc4 24. Be3 Qc6 25. Nd5 Kh7 26. Nd2 Ra4 27. b3 Ra3 28. Rc1 Qe6 29. Bc5 Rxb3 1-0

[Event "December 5 Early 2023"]
[Site "https://www.chess.com"]
[Date "2023.12.05"]
[Round "6"]
[White "BestStelker"]
[Black "Shimanov, Aleksandr"]
[Result "0-1"]
[Board "15"]
[TimeControl "180+1"]
[BlackFideId "4198603"]
[WhiteElo "2822"]
[BlackElo "2953"]
[BlackTeam "RUS"]
[WhiteClock "0:00:00"]
[BlackClock "0:00:32"]

1. d4 Nf6 2. Nf3 d6 3. Nc3 Bf5 4. Nh4 Bd7 5. e4 e5 6. Nf3 Nc6 7. d5 Ne7 8. h3 Ng6 9. g3 Be7 10. Bg2 O-O 11. O-O c6 12. Be3 b5 13. dxc6 Bxc6 14. Nd2 a5 15. Nd5 Nxd5 16. exd5 Bd7 17. c4 f5 18. f4 Bf6 19. c5 exf4 20. gxf4 Re8 21. Re1 Rxe3 22. Rxe3 Bd4 23. Nf1 Bxc5 24. Kh1 Bxe3 25. Nxe3 Nxf4 26. Qd4 Qh4 27. Rd1 Re8 28. Kh2 Qf2 29. Rf1 Qxe3 30. Rxf4 Qxd4 31. Rxd4 Re2 32. b4 axb4 33. Rxb4 Rxa2 34. Kg3 g5 35. Bf1 Ra5 36. h4 h6 37. Bd3 Kg7 38. Kf3 Kf6 39. Ke3 Ke5 40. h5 f4+ 41. Kf2 Ra2+ 42. Ke1 Ra4 0-1

[Event "December 5 Early 2023"]
[Site "https://www.chess.com"]
[Date "2023.12.05"]
[Round "6"]
[White "Drygalov, Sergey"]
[Black "Hayrapetyan, Hovik"]
[Result "1-0"]
[Board "16"]
[TimeControl "180+1"]
[WhiteFideId "24171743"]
[BlackFideId "13302639"]
[WhiteElo "2950"]
[BlackElo "2820"]
[WhiteTeam "RUS"]
[BlackTeam "ARM"]
[WhiteClock "0:00:13"]
[BlackClock "0:00:08"]

1. d4 Nf6 2. c4 e6 3. Nf3 d5 4. Nc3 Bb4 5. Qa4+ Nc6 6. a3 Bxc3+ 7. bxc3 O-O 8. Bg5 h6 9. Bh4 Ne7 10. Bxf6 gxf6 11. e3 c5 12. Be2 Bd7 13. Qb3 Bc6 14. cxd5 Bxd5 15. Qb2 cxd4 16. cxd4 Qa5+ 17. Qd2 Qxd2+ 18. Kxd2 Rfc8 19. Rhc1 Nc6 20. Ke1 Na5 21. Nd2 Bxg2 22. f3 Bh3 23. Kf2 Bf5 24. e4 Bg6 25. h4 Kf8 26. Ke3 Ke7 27. f4 f5 28. e5 f6 29. Bd3 fxe5 30. dxe5 Bh5 31. Rg1 Bg4 32. Rac1 a6 33. a4 Kd7 34. Nc4 Nxc4+ 35. Bxc4 Rc6 36. Rc2 Rac8 37. Rgc1 Ke7 38. Bd3 Rxc2 39. Rxc2 Rxc2 40. Bxc2 Bh3 41. Kd4 Kd7 42. Kc5 Kc7 43. a5 Bg2 44. Bb3 Kd7 45. Kb6 Bf3 46. Ba4+ Kd8 47. Bb3 Kd7 48. Ba4+ Kd8 49. Bc2 Kd7 50. Bd3 Bd5 51. Be2 Bc6 52. Bc4 Be4 53. Bb3 Bc6 54. Bd1 Be4 55. Ba4+ Kd8 56. Kc5 Kc7 57. Be8 Bd5 58. Bg6 Ba2 59. Bf7 Bd5 60. Bg6 Ba2 61. Bh7 Bd5 62. Bxf5 Ba2 63. Be4 Bb3 64. Bg6 Ba2 65. Bf7 Kd7 66. Bg8 Bb1 67. Kb6 Be4 68. Bf7 Ke7 69. Bh5 Kd7 70. Be2 Ke7 71. Bc4 Kf7 72. Kc7 Ke7 73. Bb3 Bd3 74. Kxb7 Bb5 75. Kb6 Be2 76. Kc7 Bd3 77. Kc6 Bb5+ 78. Kc5 Bd3 79. Bc4 Bxc4 80. Kxc4 Kd7 81. Kd4 Kc8 82. Ke4 Kd7 83. f5 exf5+ 84. Kxf5 Kc6 85. Kf6 Kb5 86. e6 Kxa5 87. e7 Kb4 88. e8=Q a5 89. Qb8+ 1-0

[Event "December 5 Early 2023"]
[Site "https://www.chess.com"]
[Date "2023.12.05"]
[Round "6"]
[White "Bocharov, Dmitry"]
[Black "Svane, Rasmus"]
[Result "1-0"]
[Board "17"]
[TimeControl "180+1"]
[WhiteFideId "4138716"]
[BlackFideId "4657101"]
[WhiteElo "2819"]
[BlackElo "2937"]
[WhiteTeam "RUS"]
[BlackTeam "GER"]
[WhiteClock "0:01:01"]
[BlackClock "0:00:20"]

1. c4 e6 2. g3 d5 3. Bg2 Nf6 4. Nf3 Be7 5. d4 O-O 6. Nc3 Nbd7 7. Qd3 Nb6 8. c5 Nbd7 9. O-O b6 10. c6 Nb8 11. Ne5 Bd6 12. Bg5 h6 13. Bxf6 Qxf6 14. f4 Qe7 15. Rac1 Qe8 16. f5 Bxe5 17. dxe5 Nxc6 18. f6 Nxe5 19. Qd4 gxf6 20. Rxf6 Ng6 21. Nxd5 exd5 22. Bxd5 Be6 23. Bxa8 Qxa8 24. Rxc7 Rd8 25. Rxg6+ 1-0

[Event "December 5 Early 2023"]
[Site "https://www.chess.com"]
[Date "2023.12.05"]
[Round "6"]
[White "Khismatullin, Denis"]
[Black "Dragun, Kamil"]
[Result "1/2-1/2"]
[Board "18"]
[TimeControl "180+1"]
[WhiteFideId "4142578"]
[BlackFideId "1134167"]
[WhiteElo "2935"]
[BlackElo "2811"]
[WhiteTeam "RUS"]
[BlackTeam "POL"]
[WhiteClock "0:00:04"]
[BlackClock "0:00:08"]

1. e4 e5 2. Nf3 Nc6 3. Bc4 Nf6 4. d3 Bc5 5. Nc3 d6 6. Na4 Bb6 7. c3 Be6 8. Bxe6 fxe6 9. O-O O-O 10. Re1 h6 11. b4 Ne7 12. d4 exd4 13. Nxb6 axb6 14. Nxd4 Qd7 15. Qb3 d5 16. exd5 exd5 17. Bf4 Ng6 18. Bg3 Rae8 19. f3 Kh7 20. Qc2 c5 21. bxc5 bxc5 22. Nb3 b6 23. Nd2 Nh5 24. Nf1 Nxg3 25. hxg3 Qf7 26. a4 Kg8 27. Red1 Ne5 28. Rab1 Nc4 29. Qd3 Re5 30. f4 Rf5 31. Ne3 Nxe3 32. Qxe3 Re8 33. Qf3 Qe6 34. Kf2 Qc6 35. Rb5 Qe6 36. Rdb1 Qe4 37. Qxe4 Rxe4 38. a5 bxa5 39. Rxc5 a4 40. Rb4 Rf8 41. Ra5 Rc8 42. Rb7 Re6 43. Rxa4 Rxc3 44. Raa7 Rc2+ 45. Kg1 Rg6 46. Rb3 d4 47. Rd3 Kh7 48. Rd7 Rc3 49. R7xd4 Rxg3 50. Rxg3 Rxg3 51. Kf2 Rg6 52. g3 Rf6 53. Kf3 Rf7 1/2-1/2

[Event "December 5 Early 2023"]
[Site "https://www.chess.com"]
[Date "2023.12.05"]
[Round "6"]
[White "Weetik, Vjacheslav"]
[Black "Grigoriants, Sergey"]
[Result "0-1"]
[Board "19"]
[TimeControl "180+1"]
[WhiteFideId "4153472"]
[BlackFideId "4130804"]
[WhiteElo "2796"]
[BlackElo "2934"]
[WhiteTeam "RUS"]
[BlackTeam "HUN"]
[WhiteClock "0:00:00"]
[BlackClock "0:00:04"]

1. e4 e6 2. d3 d5 3. Qe2 Nc6 4. Nf3 dxe4 5. dxe4 e5 6. c3 Bd6 7. Qc2 Nf6 8. b4 a5 9. b5 Nb8 10. Nbd2 O-O 11. Nc4 Qe7 12. a4 Bg4 13. Be2 Nbd7 14. Nxd6 cxd6 15. Ba3 Rac8 16. O-O Nc5 17. h3 Bh5 18. Bxc5 Rxc5 19. Nh4 Bxe2 20. Qxe2 g6 21. Nf3 Rxc3 22. Rfc1 Rfc8 23. Rxc3 Rxc3 24. Rd1 Qc7 25. Qd2 Nxe4 26. Qd5 Nc5 27. Ng5 h6 28. Nxf7 Qxf7 29. Qxd6 Ne6 30. Qxe5 Rc5 31. Qd6 Rc8 32. Re1 Re8 33. h4 Ng7 34. Rc1 Rf8 35. f3 Qf6 36. Qc7 Rf7 37. Qxa5 Qd4+ 38. Kf1 Qd3+ 39. Kg1 Qd4+ 40. Kf1 Qxh4 41. Qd2 Kh7 42. b6 Qxa4 43. Rc7 Qb5+ 44. Kf2 Qxb6+ 0-1

[Event "December 5 Early 2023"]
[Site "https://www.chess.com"]
[Date "2023.12.05"]
[Round "6"]
[White "Tran, Tuan Minh"]
[Black "Dragnev, Valentin"]
[Result "1-0"]
[Board "20"]
[TimeControl "180+1"]
[WhiteFideId "12401820"]
[BlackFideId "1634852"]
[WhiteElo "2930"]
[BlackElo "2795"]
[WhiteTeam "VIE"]
[BlackTeam "AUT"]
[WhiteClock "0:00:17"]
[BlackClock "0:00:00"]

1. d4 Nf6 2. c4 e6 3. Nf3 Bb4+ 4. Bd2 c5 5. Bxb4 cxb4 6. a3 bxa3 7. Rxa3 b6 8. e3 Bb7 9. Nc3 O-O 10. Be2 d6 11. b4 Nbd7 12. O-O e5 13. Qa1 exd4 14. Nxd4 a5 15. bxa5 Rxa5 16. Rd1 Qa8 17. Rxa5 bxa5 18. Bf1 Nc5 19. Nf5 Rd8 20. Nb5 a4 21. f3 Ne6 22. Nbxd6 Bc6 23. Qe5 a3 24. c5 a2 25. Bc4 Bd7 26. Ra1 Qa3 27. Rxa2 Qxc5 28. Qxc5 Nxc5 29. Nxf7 Rb8 30. Ne5+ Kf8 31. Nd4 Be8 32. Ra7 Ncd7 33. Ne6+ Ke7 34. Nc6+ Kd6 35. Nxb8 Nxb8 36. Nxg7 Bc6 37. Nf5+ Kc5 38. Bd3 Nbd7 39. Nd4 Nd5 40. Ra5+ Kb6 41. Ra6+ 1-0

[Event "December 5 Early 2023"]
[Site "https://www.chess.com"]
[Date "2023.12.05"]
[Round "6"]
[White "Maksimovic, Bojan"]
[Black "Albornoz Cabrera, Carlos Daniel"]
[Result "1-0"]
[Board "21"]
[TimeControl "180+1"]
[WhiteFideId "14408120"]
[BlackFideId "3518736"]
[WhiteElo "2930"]
[BlackElo "2785"]
[WhiteTeam "BIH"]
[BlackTeam "CUB"]
[WhiteClock "0:00:06"]
[BlackClock "0:00:04"]

1. Nf3 Nf6 2. g3 g6 3. b3 Bg7 4. Bb2 O-O 5. Bg2 c5 6. c4 d6 7. O-O e5 8. Nc3 Nc6 9. d3 h6 10. e3 Bg4 11. Nd5 Nxd5 12. cxd5 Ne7 13. h3 Bd7 14. Nd2 b5 15. a4 a6 16. Kh2 f5 17. Qe2 Qb8 18. axb5 axb5 19. e4 f4 20. h4 Rxa1 21. Rxa1 Qb6 22. Bf3 h5 23. Kg2 fxg3 24. fxg3 Bh6 25. Nf1 c4 26. bxc4 bxc4 27. Bc1 cxd3 28. Qxd3 Bb5 29. Qd1 Bxf1+ 30. Qxf1 Bxc1 31. Qxc1 Qd4 32. Ra2 Rc8 33. Qg5 Rc7 34. Qf6 Kh7 35. Qf7+ Kh6 36. Ra8 Rc2+ 37. Kh3 Nc8 38. Qf8+ Kh7 39. Qf7+ Kh6 40. Qf8+ Kh7 41. Rxc8 Rxc8 42. Qxc8 Qf2 43. Bg2 Qe2 44. Qe6 Kh6 45. Qxd6 Qf2 46. Qe6 Qg1 47. d6 Kg7 48. d7 g5 49. hxg5 h4 50. Qf6+ Kh7 51. Qf7+ Kh8 52. d8=Q# 1-0